 Dungeon Crawl Stone Soup version 0.24-a0-489-g1c7b743a30 (webtiles) character file.

Game seed: 13260927950622416581

21 ivs the Chopper (level 2, 0/16 HPs)
             Began as a Vine Stalker Abyssal Knight on July 11, 2019.
             Was a Follower of Lugonu.
             Slain by a jackal (3 damage)
             ... on level 2 of the Dungeon.
             The game lasted 00:03:15 (326 turns).

ivs the Chopper (Vine Stalker Abyssal Knight)        Turns: 326, Time: 00:03:15

Health: 0/16       AC:  3    Str: 10    XL:     2   Next: 87%
Magic:  0/4        EV: 11    Int: 12    God:    Lugonu [*.....]
Gold:   18         SH:  0    Dex: 13    Spells: 1/1 levels left

rFire    . . .     SeeInvis .   a - +1 hand axe
rCold    . . .     Gourm    .   (no shield)
rNeg     . . .     Faith    .   b - +0 leather armour
rPois    .         Spirit   +   (no helmet)
rElec    .         Reflect  .   (no cloak)
rCorr    .         Harm     .   (no gloves)
MR       .....                  (no boots)
Stlth    +.........             (no amulet)
HPRegen  0.05/turn              d - -4 ring of strength (curse)
MPRegen  0.09/turn              (no ring)

@: no status effects
A: fangs 2, magic shield, antimagic bite, no potion heal 3, rot immunity
a: Depart the Abyss, Renounce Religion


You were on level 2 of the Dungeon.
You worshipped Lugonu.
Lugonu was aware of your devotion.
You were not hungry.

You visited 1 branch of the dungeon, and saw 2 of its levels.
You visited the Abyss 1 time.

You collected 18 gold pieces.

Inventory:

Hand Weapons
 a - a +1 hand axe (weapon)
Armour
 b - a +0 leather armour (worn)
Jewellery
 d - a cursed -4 ring of strength (left hand)
Wands
 f - a wand of digging (6)
Scrolls
 g - a scroll of teleportation {unknown}
Potions
 e - a potion of curing
Comestibles
 c - a ration


   Skills:
 - Level 2.6 Fighting
 + Level 3.0 Axes
 - Level 1.5 Armour
 - Level 0.7 Dodging
 - Level 1.7 Invocations


You had one spell level left.
You didn't know any spells.
Your spell library was empty.

Dungeon Overview and Level Annotations

Branches:
Dungeon (2/15)

Altars:
Wu Jian
The Shining One


Innate Abilities, Weirdness & Mutations

You have extremely sharp teeth.
When hurt, damage is shared between your health and your magic reserves.
Your bite disrupts and absorbs the magic of your enemies.
Potions cannot restore your health.
You are immune to rotting.


Message History

You barely miss the jackal. The jackal bites you.
* * * LOW HITPOINT WARNING * * *
The adder barely misses you.
Okay, then.
It was a potion of curing.
That felt strangely inert.
The jackal bites you but does no damage.
The adder barely misses you. The jackal closely misses you.
You barely miss the adder. You bite the adder, but do no damage.
You barely miss the jackal. The adder closely misses you.
The jackal bites you but does no damage.
You hit the adder. You bite the adder, but do no damage.
The adder is moderately wounded.
You hit the jackal but do no damage. The adder bites you.
* * * LOW HITPOINT WARNING * * *
The adder barely misses you.
You hit the adder. Your bite misses the adder.
The adder is moderately wounded.
You barely miss the jackal. The jackal barely misses you.
The adder closely misses you. The jackal bites you.
You die...

##.# #...#####.#
#<#
......#.......#
#.#
#######..######
#.# ########<.###
≈#'#≈##....[.....#
_..._##.†........#
######...........#
...............#
..............@#
.....##########Sh#
..... ##h# .....
... ## ...# ...#
...# ...#


You could see an adder and 2 jackals.

Vanquished Creatures
  A dart slug (D:2)
  2 leopard geckos
  2 giant cockroaches (D:1)
  2 goblins (D:1)
  A hobgoblin (D:1)
  A jackal (D:2)
  A kobold (D:2)
  A ball python (D:1)
  3 bats (D:1)
  A frilled lizard (D:1)
  2 rats
17 creatures vanquished.

Notes
Turn   | Place    | Note
-------+----------+-------------------------------------------
     0 | Abyss:1  | ivs the Vine Stalker Abyssal Knight began the quest for the
                  | Orb.
     0 | Abyss:1  | Reached XP level 1. HP: 11/11 MP: 3/3
     6 | D:1      | Escaped the Abyss
    36 | D:1      | Reached skill level 2 in Axes
    99 | D:1      | Reached XP level 2. HP: 7/16 MP: 4/4
   252 | D:2      | Found an ornate altar of the Wu Jian Council.
   252 | D:2      | Found a glowing golden altar of the Shining One.
   322 | D:2      | Reached skill level 3 in Axes
   326 | D:2      | Slain by a jackal

Levels and vault maps discovered:
D:1:      roderic_crop_circles_arrival_small, layout_basic
D:2:      layout_basic, gammafunk_temple_overflow_elements,
          kennysheep_okawaru_gauntlet

Skill      XL: |  1  2 |
---------------+-------+-----
Axes           | 2 3 |  3.0
Fighting       | |  2.6
Armour         | |  1.5
Dodging        | |  0.7
Invocations    | |  1.7

Action                   || total
-------------------------++-------
Melee: Hand axe          ||    60
       Bite              ||    15
  Use: Potion            ||     1
Armor: Leather armour    ||    20
Dodge: Dodged            ||    41

Table legend:
 A = Non-vault XP
 B = Vault XP
 C = Vault XP percentage of total XP
 D = Non-vault monster count
 E = Vault monster count
 F = Vault count percentage of total count
                 A         B        C        D         E       F
            +---------+---------+-------+---------+---------+-------
      Total |      31 |       0 |   0.0 |      17 |       0 |   0.0
            +---------+---------+-------+---------+---------+-------
        D:1 |      19 |       0 |   0.0 |      12 |       0 |   0.0
        D:2 |      12 |       0 |   0.0 |       5 |       0 |   0.0
            +---------+---------+-------+---------+---------+-------
